Map: Deathaura LE

Players

A.I. 1 (Very Easy)

  • Race: Protoss Protoss
  • Spawn Location: 5:00

Duke - Winner!

  • Race: Protoss Protoss
  • League: Diamond
  • Spawn Location: 11:00

VOD

Have the link to the VOD?

Description

Charge Lot Immo - DT

Time

  • Played on: Jan. 22, 2021, 4:39 p.m.
  • Length: 6:14
Show
View Real Time Build Order
Export as new Build Order

A.I. 1 (Very Easy) Protoss 

Build Orders:  

Get SALT Encoding   

  12  0:00  Probe  
  13  0:13  Probe  
  14  0:20  Pylon  
  14  0:36  Assimilator  
  14  0:42  Gateway  
  14  0:46  Pylon  
  14  1:13  Assimilator  
  14  1:17  Probe  
  14  1:25  Probe  
  16  1:33  Probe  
  16  1:34  Cybernetics Core  
  17  1:43  Probe  
  18  1:55  Probe  
  18  2:00  Warp Gate  
  19  2:03  Probe  
  20  2:10  Stalker  
  22  5:27  Stalker  
  24  5:30  Pylon  
  22  5:35  Probe  
  21  5:47  Pylon  
  21  5:48  Probe  
Show
View Real Time Build Order
Export as new Build Order

Duke Protoss - Winner!

Build Orders: 1 Gate Expand 

Get SALT Encoding   

  12  0:00  Probe  
  13  0:12  Probe  
  14  0:18  Pylon  
  14  0:24  Probe  
  15  0:36  Probe  
  15  0:37  Gateway  
  16  0:46  Assimilator  
  16  0:48  Probe  
  17  1:00  Probe  
  18  1:13  Probe  
  19  1:21  Nexus  
  19  1:25  Probe  
  20  1:34  Cybernetics Core  
  20  1:37  Probe  
  21  1:44  Pylon  
  21  1:49  Probe  
  21  1:53  Assimilator  
  22  2:01  Probe  
  23  2:11  Robotics Facility  
  23  2:12  Adept (Chrono Boost)  
  25  2:22  Probe  
  26  2:34  Adept, Probe  
  29  2:37  Probe  
  30  2:46  Probe  
  30  2:49  Probe  
  30  2:50  Twilight Council  
  32  2:58  Warp Prism, Probe  
  33  3:01  Probe  
  36  3:06  Pylon  
  36  3:10  Probe  
  36  3:13  Probe  
  38  3:22  Probe  
  38  3:26  Charge, Probe  
  40  3:34  Probe  
  40  3:37  Immortal  
  40  3:40  Gateway, Probe  
  40  3:41  Warp Gate (Chrono Boost)  
  46  3:54  Gateway  
  46  3:56  Gateway  
  46  3:58  Gateway  
  46  4:04  Gateway  
  46  4:08  Gateway  
  46  4:15  Immortal (Chrono Boost)  
  50  4:30  Pylon  
  50  4:33  Pylon  
  50  4:42  Pylon  
  50  4:46  Pylon  
  50  4:55  Dark Shrine  
  50  5:04  Zealot  
  50  5:05  Zealot x6  
  64  5:25  Zealot x3  
  64  5:26  Zealot x4  
  78  5:38  Pylon  
  78  5:41  Pylon, Zealot  
  80  5:44  Pylon  
  80  5:46  Zealot x3  
Tags
 
League
Diamond
Matchup
PvP
Spawn Locations
Cross Positions
Add a new tag
Caveats
  • Supply blocks, unpowered buildings, or Contaminate may cause inaccurate times.
  • Supply counts are checked every 10 seconds.